 Dungeon Crawl Stone Soup version 0.30.0-16-gbe6223bb7e (webtiles) character file.

Game seed: 4947296758259791713

241 Twinkles the Chopper (level 6, -7/56 HPs)
             Began as a Hill Orc Monk on May 20, 2023.
             Was a Believer of Elyvilon.
             Mangled by Pikel
             ... wielding a +0 whip of freezing
              (10 damage)
             ... on level 5 of the Dungeon.
             The game lasted 00:06:38 (3644 turns).

Twinkles the Chopper (Hill Orc Monk)                Turns: 3644, Time: 00:06:38

Health: -7/56      AC:  8    Str: 15    XL:     6   Next: 8%
Magic:  6/6        EV:  9    Int: 15    God:    Elyvilon [**....]
Gold:   88         SH:  6    Dex: 17    Spells: 5/5 levels left

rFire   + . .        a - +0 hand axe
rCold   . . .        c - +2 buckler
rNeg    . . .        q - +1 scale mail {rF+}
rPois   .            (no helmet)
rElec   .            t - +0 cloak
rCorr   .            (no gloves)
SInv    .            (no boots)
Will    .....        (no amulet) Stlth
                     s - +6 ring of intelligence
HPRegen 0.29/turn    (no ring)
MPRegen 0.10/turn

%: no passive effects
@: mighty, brilliant, flying, unable to drink
A: fangs 1, agile 1, wild magic 1, inability to drink after injury 1
a: Renounce Religion, Purification, Heal Other


You were on level 5 of the Dungeon.
You worshipped Elyvilon.
Elyvilon was pleased with you.
You visited 2 branches of the dungeon, and saw 6 of its levels.

You collected 143 gold pieces.
You spent 55 gold pieces at shops.

Inventory:

Hand Weapons
 a - a +0 hand axe (weapon)
 g - a +3 sling
Missiles
 f - 9 poisoned darts (quivered)
 l - 9 javelins
Armour
 b - a +0 robe
 c - a +2 buckler (worn)
 d - an orb of light
 q - a +1 scale mail of fire resistance (worn)
 t - a +0 cloak (worn)
Jewellery
 s - a +6 ring of intelligence (left hand)
 w - an amulet of the acrobat
Scrolls
 e - 2 scrolls of immolation {unknown}
 h - 2 scrolls of blinking {unknown}
 j - a scroll of enchant armour {unknown}
 k - a scroll of fog {unknown}
 m - a scroll of vulnerability {unknown}
 n - a scroll of amnesia {unknown}
 u - a scroll of magic mapping {unknown}
 Y - 3 scrolls of teleportation
 Z - 8 scrolls of identify
Potions
 G - a potion of ambrosia
 R - 2 potions of resistance


   Skills:
 + Level 5.1 Fighting
 * Level 7.1 Axes
 + Level 2.0 Armour
 - Level 2.4 Dodging
 + Level 0.0 Invocations


You had 5 spell levels left.
You didn't know any spells.
Your spell library contained the following spells:

 Spells                   Type           Power      Damage    Failure   Level
 Magic Dart               Conj           0%         1d3       87%         1
 Call Imp                 Summ           0%         N/A       95%         2
 Call Canine Familiar     Summ           0%         N/A       99%         3
 Mephitic Cloud           Conj/Pois/Air  0%         N/A       99%         3
 Portal Projectile        Hex/Tloc       0%         N/A       99%         3
 Leda's Liquefaction      Hex/Erth       0%         N/A       100%        4


Dungeon Overview and Level Annotations

Branches:
Dungeon (5/15) Zot: 26426  Temple (1/1) D:4 Zot: 5867

Altars:
Cheibriados
Dithmenos
Elyvilon
Fedhas
Hepliaklqana
Nemelex Xobeh
Yredelemnul
Zin

Shops:
D:3 ?=

Annotations:
D:5 2 transporters, BleedingAnus's ghost, novice MiMo; Eustachio; Pikel


Innate Abilities, Weirdness & Mutations

You have very sharp teeth.
You are agile. (Dex +4, Str/Int -1)
Your spells are a little harder to cast, but a little more powerful.
You occasionally lose the ability to drink potions when taking damage.


Message History

You completely miss Pikel.
Pikel is heavily wounded.
You block Pikel's attack.
You miss Pikel.
Pikel is heavily wounded.
Pikel hits you with a +0 whip of freezing!
* * * LOW HITPOINT WARNING * * *
Pikel freezes you.
* * * LOW HITPOINT WARNING * * *
You aren't carrying any items that you can evoke.
Unknown command.
Unknown command.
It was a potion of might.
You feel very mighty all of a sudden. Pikel barely misses you.
It was a potion of flight.
You feel very buoyant.
You fly up into the air.
Pikel hits you but does no damage.
It was a potion of mutation.
You feel extremely strange.
You feel agile.
You occasionally lose the ability to drink potions when taking damage.
Your teeth lengthen and sharpen.
You feel less in control of your magic. Pikel barely misses you.
It was a potion of brilliance.
You feel clever all of a sudden. Pikel closely misses you.
You hit Pikel but do no damage. Your bite misses Pikel.
Pikel is heavily wounded.
You block Pikel's attack.
You slash Pikel!
Pikel is severely wounded.
Pikel barely misses you.
You closely miss Pikel. Your bite misses Pikel.
Pikel is severely wounded.
Pikel hits you but does no damage.
You closely miss Pikel. You bite Pikel.
Pikel is severely wounded.
Pikel hits you with a +0 whip of freezing!
You feel threatened and lose the ability to drink potions!
You die...

#.# #)##.#.#.#.#
#.##### #.##.##.##.#
#.##... #.##.##.##.#
#.##...####.##.##.##.#
..........#.......#.#
..........##..###.###
..........###.# ..
..........##.## ..
b.....##K.#@## ...
..... #.#K## ..@.
#>### ..# #.# . #.#
..# #.# #.


You could see Pikel.

Vanquished Creatures
  A hound (D:5)
  An orc priest (D:5)
  3 orc wizards (D:5)
  3 adders
  2 worms
  A dart slug (D:2)
  5 orcs
  3 endoplasms
  A giant cockroach (D:2)
  7 goblins
  5 hobgoblins
  4 jackals
  3 ball pythons
  7 bats
  6 frilled lizards
  9 kobolds
  5 rats
66 creatures vanquished.

Vanquished Creatures (others)
  An orc wizard (D:5)
1 creature vanquished.

Grand Total: 67 creatures vanquished

Notes
Turn   | Place    | Note
-------+----------+-------------------------------------------
     0 | D:1      | Twinkles the Hill Orc Monk began the quest for the Orb.
     0 | D:1      | Reached XP level 1. HP: 19/19 MP: 1/1
   266 | D:1      | Reached XP level 2. HP: 27/27 MP: 2/2
   636 | D:1      | Reached skill level 5 in Axes
   656 | D:1      | Found a faded altar of an unknown god.
   660 | D:1      | Reached XP level 3. HP: 33/33 MP: 3/3
  1782 | D:3      | Reached XP level 4. HP: 41/41 MP: 4/4
  1848 | D:3      | Found Widusk's Jewellery Boutique.
  2006 | D:3      | Found Ruelo's Magic Scroll Shop.
  2012 | D:3      | Bought a scroll of teleportation for 33 gold pieces
  2012 | D:3      | Bought a scroll of identify for 22 gold pieces
  2413 | D:4      | Found a staircase to the Ecumenical Temple.
  2438 | Temple   | Entered the Ecumenical Temple
  2562 | Temple   | Became a worshipper of Elyvilon the Healer
  2562 | Temple   | Reached * piety under Elyvilon
  2562 | Temple   | Reached ** piety under Elyvilon
  2844 | D:4      | Reached skill level 6 in Axes
  3075 | D:5      | Entered Level 5 of the Dungeon
  3122 | D:5      | Reached XP level 5. HP: 30/47 MP: 5/5
  3156 | D:5      | Reached skill level 1 in Armour
  3360 | D:5      | Noticed BleedingAnus's ghost (novice MiMo)
  3376 | D:5      | Found a transporter.
  3382 | D:5      | Found a transporter.
  3466 | D:5      | Reached skill level 5 in Fighting
  3468 | D:5      | Reached skill level 7 in Axes
  3483 | D:5      | Reached XP level 6. HP: 20/56 MP: 6/6
  3609 | D:5      | Noticed Pikel
  3610 | D:5      | Noticed Eustachio
  3625 | D:5      | HP: 18/56 [Pikel/+0 whip of freezing (2)]
  3631 | D:5      | HP: 14/56 [Pikel/+0 whip of freezing (6)]
  3636 | D:5      | HP: 5/56 [Pikel/+0 whip of freezing (8)]
  3636 | D:5      | HP: 1/56 [Pikel/+0 whip of freezing (4)]
  3639 | D:5      | Gained mutation: You are agile. (Dex +4, Str/Int -1)
                  | [potion of mutation]
  3639 | D:5      | Gained mutation: You occasionally lose the ability to drink
                  | potions when taking damage. [potion of mutation]
  3639 | D:5      | Gained mutation: You have very sharp teeth. [potion of
                  | mutation]
  3639 | D:5      | Gained mutation: Your spells are a little harder to cast,
                  | but a little more powerful. [potion of mutation]
  3644 | D:5      | Mangled by Pikel

Illustrated notes

Levels and vault maps discovered:
D:1:      grunt_arrival_lava_bath, layout_loops_corners,
          ebering_ecumenical_altar_sacrificial
D:2:      layout_basic, serial_curves, eino_curves_04, eino_curves_04,
          chequers_serial_rivers_micro_c
D:3:      layout_basic, serial_shops, nicolae_shop_just_a_little_nook, shop,
          serial_glass, glass_columns_a, glass_columns_a
D:4:      layout_loops_ring, temple_pool_b
D:5:      layout_loops_ring, lemuel_round_altar, serial_shops, shop,
          gammafunk_ghost_hive, grunt_ministairs_14, minmay_misc_feat_room,
          minmay_ogre_servants, uniq_sigmund, uniq_pikel, uniq_eustachio
Temple:   nicolae_temple_two_arcs

Skill      XL: |  1  2  3  4  5 |
---------------+----------------+-----
Fighting       | 4 5 |  5.1
Axes           | 5 6 7 |  7.1
Armour         | 2 |  2.0
Dodging        | |  2.4

Action                     |  1- 3 |  4- 6 || total
---------------------------+-------+-------++-------
  Melee: Hand axe          |    18 |   118 ||   136
         Bite              |       |     1 ||     1
   Fire: Sling             |    73 |    39 ||   112
    Use: Potion            |       |     4 ||     4
         Scroll            |       |     1 ||     1
 Armour: Robe              |    11 |       ||    11
         Scale mail        |       |    67 ||    67
  Dodge: Dodged            |    23 |    25 ||    48
  Block: Buckler           |    11 |    17 ||    28
